 Dungeon Crawl Stone Soup version 0.24.0-13-gcf9b319 (webtiles) character file.

Game seed: 16948804954390356182, levelgen mode: deterministic

88138 Balder the Blocker (level 15, -8/125 HPs)
             Began as a Minotaur Fighter on Dec 5, 2019.
             Was a High Priest of Okawaru.
             Mangled by a sun demon (16 damage)
             ... summoned by an orc sorcerer
             ... while paralysed by an orc sorcerer
             ... on level 15 of the Dungeon on Dec 6, 2019.
             The game lasted 02:39:18 (30907 turns).

Balder the Blocker (Minotaur Fighter)              Turns: 30907, Time: 02:39:19

Health: -8/125     AC: 26    Str: 24    XL:     15   Next: 45%
Magic:  20/20      EV:  2    Int:  5    God:    Okawaru [*****.]
Gold:   1903       SH:  0    Dex: 17    Spells: 14/14 levels left

rFire    . . .     SeeInvis .   a - +3 long sword (flame)
rCold    . . .     Gourm    .   c - +0 shield
rNeg     + . .     Faith    .   z - +3 plate armour {rPois}
rPois    +         Spirit   .   B - +0 hat
rElec    .         Reflect  +   Z - +1 cloak
rCorr    +         Harm     .   r - +0 pair of gloves
MR       +....                  i - +2 pair of boots of Pocvum {*Drain rN+ Str+4}
Stlth    ..........             I - +3 amulet of reflection
HPRegen  0.30/turn              Y - +3 ring of evasion
MPRegen  0.17/turn              t - ring of resist corrosion

@: paralysed, very slightly contaminated
A: retaliatory headbutt, horns 2
a: Heroism, Finesse, Renounce Religion


You were on level 15 of the Dungeon.
You worshipped Okawaru.
Okawaru was extremely pleased with you.
You were not hungry.

You visited 4 branches of the dungeon, and saw 23 of its levels.

You collected 2110 gold pieces.
You spent 207 gold pieces at shops.

Inventory:

Hand Weapons
 a - a +3 long sword of flaming (weapon)
 b - a +0 hand crossbow of velocity
 j - a +1 scimitar of holy wrath
 k - the +7 mace of the Scroll {holy, +Blink rElec Str+2 Dex-2}
   (You found it on level 5 of the Lair of Beasts)

   It has been blessed by the Shining One to cause great damage to the undead
   and demons.
   It affects your strength (+2).
   It affects your dexterity (-2).
   It insulates you from electricity.
   It lets you blink.
 q - a +1 morningstar of draining
 u - a +3 morningstar of flaming
 G - the +4 arbalest of Hacibuf {freeze, Stlth+}
   (You found it on level 12 of the Dungeon)

   It causes projectiles fired from it to freeze those they strike, causing
   extra injury to most foes and up to half again as much damage against
   particularly susceptible opponents.
   They can also slow down cold-blooded creatures.
   It makes you more stealthy.
 V - the +4 flail "Dauzuf" {vamp, rPois rF- SInv}
   (Okawaru gifted it to you on level 6 of the Lair of Beasts)

   It inflicts no extra harm, but heals its wielder when it wounds a living foe.
   It makes you vulnerable to fire.
   It protects you from poison.
   It lets you see invisible.
Missiles
 Q - 142 bolts
 X - 8 silver boomerangs (quivered)
Armour
 c - a +0 shield (worn)
 i - the +2 pair of boots of Pocvum (worn) {*Drain rN+ Str+4}
   (Okawaru gifted it to you on level 2 of the Lair of Beasts)

   It affects your strength (+4).
   It protects you from negative energy.
   It causes draining when unequipped.
 m - the +4 chain mail "Ryusu Cec" {MR+ Str+3 Int+4}
   (You found it on level 5 of the Lair of Beasts)

   It affects your strength (+3).
   It affects your intelligence (+4).
   It affects your resistance to hostile enchantments.
 r - a +0 pair of gloves (worn)
 v - a +3 plate armour of fire resistance
 z - a +3 plate armour of poison resistance (worn)
 B - a +0 hat (worn)
 H - a +2 plate armour of cold resistance
 N - a +0 buckler of reflection
 Z - a +1 cloak (worn)
Magical Staves
 P - an uncursed staff of death
Jewellery
 t - a ring of resist corrosion (right hand)
 x - an uncursed ring of ice
 E - an uncursed ring of stealth
 I - a +3 amulet of reflection (around neck)
 K - an uncursed ring of protection from magic
 Y - a +3 ring of evasion (left hand)
Wands
 h - a wand of enslavement (8)
 o - a wand of paralysis (22)
 s - a wand of clouds (2)
 C - a wand of polymorph (14)
 D - a wand of iceblast (50)
Scrolls
 d - a scroll of summoning {unknown}
 e - 4 scrolls of teleportation
 p - 7 scrolls of identify
 y - 13 scrolls of remove curse
 J - a scroll of magic mapping
 T - 2 scrolls of enchant weapon
Potions
 g - 4 potions of mutation
 l - 3 potions of flight
 n - 3 potions of cancellation
 w - 2 potions of agility
 A - 2 potions of haste
 F - 4 potions of invisibility
 L - 2 potions of ambrosia {unknown}
 R - a potion of heal wounds
 W - 2 potions of might
Miscellaneous
 O - a phial of floods
Comestibles
 f - 18 rations
 M - 12 chunks of flesh


   Skills:
 + Level 9.5 Fighting
 + Level 14.0 Long Blades
 * Level 12.1 Maces & Flails
 * Level 9.1 Crossbows
 - Level 3.0 Throwing
 + Level 12.2 Armour
 * Level 10.5 Dodging
 + Level 0.8 Stealth
 + Level 14.7 Shields
 + Level 1.1 Unarmed Combat
 * Level 8.6 Invocations
 + Level 0.1 Evocations


You had 14 spell levels left.
You didn't know any spells.
Your spell library contained the following spells:

 Spells                   Type           Power        Failure   Level  Hunger
 Animate Skeleton         Necr           N/A          99%         1    ##.....
 Apportation              Tloc           #.....       99%         1    ##.....
 Confusing Touch          Hex            #.....       99%         1    ##.....
 Summon Butterflies       Summ           #.......     99%         1    ##.....
 Summon Small Mammal      Summ           #...         99%         1    ##.....
 Confuse                  Hex            #.......     100%        3    ####...
 Gell's Gravitas          Tloc           #.........   100%        3    ####...
 Recall                   Summ/Tloc      N/A          100%        3    ####...
 Summon Guardian Golem    Hex/Summ       #.......     100%        3    ####...
 Animate Dead             Necr           N/A          100%        4    #####..
 Petrify                  Tmut/Erth      #.......     100%        4    #####..
 Summon Lightning Spire   Summ/Air       #.......     100%        4    #####..
 Borgnjor's Vile Clutch   Necr/Erth      #.........   100%        5    ######.
 Excruciating Wounds      Chrm/Necr      #.........   100%        5    ######.
 Metabolic Englaciation   Hex/Ice        #.........   100%        5    ######.
 Yara's Violent Unravell  Hex/Tmut       #.........   100%        5    ######.
 Death Channel            Necr           #.........   100%        6    #######
 Simulacrum               Ice/Necr       #.........   100%        6    #######
 Summon Hydra             Summ           #.........   100%        7    #######


Dungeon Overview and Level Annotations

Branches:
Dungeon (13/15)            Temple (1/1) D:6            Lair (6/6) D:10
 Shoals (0/4) Lair:2        Snake (0/4) Lair:2        Slime (0/5) Lair:6
    Orc (2/2) D:11            Elf (0/3) Orc:2
 Vaults: D:13-14

Altars:
Ashenzari
Cheibriados
Dithmenos
Elyvilon
Fedhas
Gozag
Hepliaklqana
Kikubaaqudgha
Makhleb
Nemelex Xobeh
Okawaru
Qazlal
Ru
Sif Muna
Trog
Uskayaw
Vehumet
Wu Jian
Xom
Yredelemnul
Zin
The Shining One
Beogh

Shops:
Orc:2 ((![

Annotations:
D:5 2 transporters
D:12 1 runed translucent door, exclusion: orange crystal statue, Fedoubb's ghost, journeyman MiBe
Lair:1 exclusion: oklob plant
Lair:2 2 transporters, Sweetruy1997's ghost, journeyman MiBe
Lair:3 exclusion: 3 oklob plants
Lair:4 exclusion: 3 oklob plants


Innate Abilities, Weirdness & Mutations

You reflexively headbutt those who attack you in melee.
You have a pair of horns on your head.


Message History

You feel troubled.
The orc sorcerer mumbles some strange words.
You feel troubled.
You see here a ration.
The orc sorcerer points at you and mumbles some strange words.
You suddenly lose the ability to move!
You feel like a meek peon again.
The two-headed ogre hits you with a +0 giant club.
The two-headed ogre hits you but does no damage.
The sun demon hits you.
* * * LOW HITPOINT WARNING * * *
You are engulfed in flames!
* * * LOW HITPOINT WARNING * * *
The sun demon hits you but does no damage.
The two-headed ogre hits you but does no damage. x2
The orc sorcerer mumbles some strange words.
The sun demon hits you!!
* * * LOW HITPOINT WARNING * * *
You are engulfed in flames!
You die...

.######.######
.............#
#####........#
#.O......#
#........#
#.po...$.#
#...4....#
#.O3.....#
#.@......#
..............#
#####.........#
#.######### #.
#. #


You could see a two-headed ogre, an ogre mage, a sun demon, an ice devil, a
wizard and an orc sorcerer.

Vanquished Creatures
  Saint Roka (Orc:2)
  Rupert (Lair:4)
  Kirke (D:12)
  Josephine (Lair:4)
  Fannar (D:11)
  9 hydras
  2 catoblepae
  A centaur warrior (D:13)
  6 two-headed ogres
  12 death yaks
  Nergalle (Orc:1)
  3 lindwurms (Lair:6)
  An ugly thing (D:12)
  An orc knight (Orc:2)
  A wolf spider (Lair:6)
  The ghost of dafunda the Cleaver, a novice FoFi of Okawaru (D:5)
  3 cyclopes
  A deep elf mage (D:12)
  An orc sorcerer (Orc:2)
  An oklob plant (Lair:3)
  10 elephants
  3 manticores
  11 black mambas
  Psyche (D:8)
  A guardian serpent (Lair:6)
  17 spiny frogs
  A torpor snail (Lair:4)
  7 komodo dragons
  3 rime drakes
  4 hornets
  8 trolls
  2 polar bears
  8 blink frogs
  Prince Ribbit (Lair:3)
  11 dream sheep
  8 hippogriffs
  A snapping turtle (Lair:2)
  A spriggan (D:8)
  A shadow (D:11)
  A redback (Lair:6)
  12 wyverns
  9 wraiths
  33 yaks
  3 hogs (D:12)
  5 basilisks
  4 vampire mosquitoes (D:13)
  6 hungry ghosts
  2 wargs
  Edmund (D:4)
  An acid dragon (D:15)
  Duvessa (D:4)
  2 nagas (Lair:2)
  24 water moccasins
  11 porcupines
  31 orc warriors
  5 phantoms
  An ice beast (D:10)
  2 black bears
  6 sky beasts
  A necrophage (D:10)
  An eye of draining (D:10)
  12 ogres
  5 centaurs
  16 wolves
  6 crocodiles
  5 big kobolds
  12 bullfrogs
  2 wyvern zombies
  Dowan (D:4)
  5 scorpions
  3 killer bees (D:12)
  22 wights
  2 howler monkeys
  3 electric eels
  13 crimson imps
  26 orc priests
  A bullfrog skeleton (D:7)
  5 centaur skeletons
  11 hounds
  4 jellies
  30 orc wizards
  7 iguanas
  13 worker ants
  8 ogre zombies (D:11)
  A mummy (D:8)
  13 gnolls
  17 adders
  4 shadow imps
  3 oozes
  An adder skeleton (D:9)
  4 worms
  2 dart slugs
  4 leopard geckos
  97 orcs
  4 giant cockroaches
  7 goblins
  5 hobgoblins
  2 jackals (D:6)
  9 quokkas
  2 ball pythons
  6 bats
  4 frilled lizards
  3 goblin zombies (D:11)
  2 hobgoblin skeletons (D:11)
  8 hobgoblin zombies
  A jackal skeleton (D:5)
  17 kobolds
  A kobold zombie (D:8)
  2 leopard gecko skeletons
  4 orc skeletons (D:11)
  11 orc zombies
  A quokka skeleton (D:7)
  A quokka zombie (D:7)
  6 rats
764 creatures vanquished.

Vanquished Creatures (others)
  Nessos (D:13)
  A cyclops (D:13)
  4 centaurs
  A bullfrog (D:15)
  5 kobolds
  4 bushes (Lair:6)
  34 fungi
  67 plants
117 creatures vanquished.

Grand Total: 881 creatures vanquished

Notes
Turn   | Place    | Note
-------+----------+-------------------------------------------
     0 | D:1      | Balder the Minotaur Fighter began the quest for the Orb.
     0 | D:1      | Reached XP level 1. HP: 19/19 MP: 0/0
   375 | D:1      | Reached XP level 2. HP: 27/27 MP: 1/1
   717 | D:2      | Found a sparkling altar of Nemelex Xobeh.
   775 | D:2      | Reached XP level 3. HP: 33/33 MP: 2/2
   783 | D:2      | Reached skill level 1 in Dodging
  1024 | D:2      | Reached XP level 4. HP: 40/40 MP: 3/3
  1753 | D:3      | Found a hide-covered altar of Uskayaw.
  2053 | D:3      | Reached XP level 5. HP: 32/46 MP: 4/4
  2354 | D:3      | Noticed a phantom
  2392 | D:3      | Killed a phantom
  2392 | D:3      | Reached skill level 5 in Armour
  2392 | D:3      | Reached skill level 5 in Shields
  2681 | D:4      | Reached XP level 6. HP: 52/52 MP: 5/5
  2807 | D:4      | Reached skill level 5 in Long Blades
  2951 | D:4      | Noticed Edmund
  2962 | D:4      | Killed Edmund
  2962 | D:4      | Reached XP level 7. HP: 55/60 MP: 6/6
  3097 | D:4      | Noticed Dowan
  3097 | D:4      | Noticed Duvessa
  3123 | D:4      | Killed Duvessa
  3128 | D:4      | Killed Dowan
  3437 | D:5      | Entered Level 5 of the Dungeon
  3572 | D:5      | Found a transporter.
  3781 | D:5      | Found a runed translucent gate.
  3782 | D:5      | Found a runed translucent gate.
  3782 | D:5      | Found an opulent altar of Gozag.
  3783 | D:5      | Found a runed translucent gate.
  3784 | D:5      | Noticed dafunda's ghost (novice FoFi)
  3836 | D:5      | Reached XP level 8. HP: 53/67 MP: 7/7
  4360 | D:5      | Found a transporter.
  5187 | D:6      | Found a glowing golden altar of the Shining One.
  5189 | D:6      | Noticed an angel
  5200 | D:6      | Found a basalt altar of Yredelemnul.
  5349 | D:6      | Reached skill level 5 in Fighting
  5466 | D:6      | Reached XP level 9. HP: 57/74 MP: 8/8
  5749 | D:6      | Found a staircase to the Ecumenical Temple.
  5761 | Temple   | Entered the Ecumenical Temple
  5865 | Temple   | Became a worshipper of Warmaster Okawaru
  6156 | D:7      | Reached skill level 1 in Maces & Flails
  6232 | D:7      | Found an ancient bone altar of Kikubaaqudgha.
  6284 | D:7      | Reached skill level 1 in Throwing
  6969 | D:7      | Reached * piety under Okawaru
  7283 | D:8      | Reached skill level 5 in Dodging
  7659 | D:8      | Found a shimmering blue altar of Sif Muna.
  7659 | D:8      | Found an ornate altar of the Wu Jian Council.
  7675 | D:8      | Found a shimmering altar of Xom.
  7675 | D:8      | Noticed a two-headed ogre
  7686 | D:8      | Killed a two-headed ogre
  7686 | D:8      | Reached ** piety under Okawaru
  7686 | D:8      | Reached XP level 10. HP: 52/83 MP: 6/9
  7710 | D:8      | Found a faded altar of an unknown god.
  7819 | D:8      | Found a stormy altar of Qazlal.
  7864 | D:8      | Noticed Psyche
  7874 | D:8      | Killed Psyche
  7874 | D:8      | Reached skill level 10 in Long Blades
  8158 | D:8      | Reached skill level 1 in Invocations
  8307 | D:8      | Found a roughly hewn altar of Beogh.
  8558 | D:9      | Found a snail-covered altar of Cheibriados.
  8844 | D:9      | Found a bloodstained altar of Trog.
  8853 | D:9      | Reached skill level 10 in Shields
  9181 | D:9      | Noticed a two-headed ogre
  9195 | D:9      | Killed a two-headed ogre
  9195 | D:9      | Reached *** piety under Okawaru
  9195 | D:9      | Reached skill level 5 in Maces & Flails
  9202 | D:9      | Reached skill level 1 in Crossbows
  9771 | D:10     | Entered Level 10 of the Dungeon
  9856 | D:10     | Reached XP level 11. HP: 76/88 MP: 11/11
  9907 | D:10     | Reached **** piety under Okawaru
  9920 | D:10     | Noticed a two-headed ogre
  9937 | D:10     | Killed a two-headed ogre
 10408 | D:10     | Found a staircase to the Lair.
 11216 | D:11     | Noticed Fannar
 11229 | D:11     | Killed Fannar
 11375 | D:11     | Found Samesin's Armour Emporium.
 11530 | D:11     | Found a staircase to the Orcish Mines.
 11544 | D:11     | Reached ***** piety under Okawaru
 11617 | D:12     | Noticed a four-headed hydra
 11620 | D:12     | Noticed a two-headed ogre
 11636 | D:12     | Killed a four-headed hydra
 11655 | D:12     | Killed a two-headed ogre
 11662 | D:12     | Received a gift from Okawaru
 12051 | D:12     | Found a runed translucent door.
 12052 | D:12     | Noticed Fedoubb's ghost (journeyman MiBe)
 12677 | Lair:1   | Entered Level 1 of the Lair of Beasts
 12958 | Lair:1   | Reached XP level 12. HP: 79/96 MP: 13/13
 13450 | Lair:1   | Found a blossoming altar of Fedhas.
 13600 | Lair:2   | Found a staircase to the Snake Pit.
 14025 | Lair:2   | Noticed a death yak
 14026 | Lair:2   | Noticed a death yak
 14028 | Lair:2   | Noticed a death yak
 14033 | Lair:2   | Noticed a death yak
 14039 | Lair:2   | Killed a death yak
 14039 | Lair:2   | Reached skill level 10 in Armour
 14047 | Lair:2   | Killed a death yak
 14059 | Lair:2   | Killed a death yak
 14077 | Lair:2   | Killed a death yak
 14081 | Lair:2   | Received a gift from Okawaru
 14407 | Lair:2   | Got a pair of warped boots {god gift}
 14414 | Lair:2   | Identified the +2 pair of boots of Pocvum {*Drain rN+
                  | Str+4} (Okawaru gifted it to you on level 2 of the Lair of
                  | Beasts)
 14491 | Lair:2   | Found a staircase to the Shoals.
 14811 | Lair:2   | Found a transporter.
 14816 | Lair:2   | Noticed Sweetruy1997's ghost (journeyman MiBe)
 14831 | Lair:2   | Found a transporter.
 14831 | Lair:2   | Noticed a four-headed hydra
 16283 | Lair:2   | Identified the Tome of Evil and the Escort
 16765 | D:5      | Killed dafunda's ghost
 16765 | D:5      | Reached skill level 5 in Invocations
 17027 | Orc:1    | Entered Level 1 of the Orcish Mines
 17799 | Orc:1    | Reached skill level 5 in Crossbows
 17799 | Orc:1    | Reached XP level 13. HP: 105/105 MP: 15/15
 17816 | Orc:1    | Noticed Nergalle
 17828 | Orc:1    | Killed Nergalle
 18010 | Orc:2    | Entered Level 2 of the Orcish Mines
 18224 | Orc:2    | Found a roughly hewn altar of Beogh.
 18237 | Orc:2    | Received a gift from Okawaru
 18249 | Orc:2    | Found Fuewezu's Antique Weapon Shop.
 18439 | Orc:2    | Found a roughly hewn altar of Beogh.
 18457 | Orc:2    | Found a staircase to the Elven Halls.
 18631 | Orc:2    | Found a roughly hewn altar of Beogh.
 18643 | Orc:2    | Found Zege's Distillery.
 18674 | Orc:2    | Bought a potion of heal wounds for 60 gold pieces
 18719 | Orc:2    | Found a roughly hewn altar of Beogh.
 18743 | Orc:2    | Found Giuban's Armour Shop.
 19491 | Orc:2    | Noticed Saint Roka
 19530 | Orc:2    | Killed Saint Roka
 19530 | Orc:2    | Received a gift from Okawaru
 20003 | Orc:2    | Found Xivigg's Antique Weapon Emporium.
 20004 | Orc:2    | Found a roughly hewn altar of Beogh.
 20009 | Orc:2    | Found Mirylun's Antique Armour Shoppe.
 20021 | Orc:2    | Bought a runed morningstar for 147 gold pieces
 20409 | D:12     | Received a gift from Okawaru
 20715 | D:12     | Found a white marble altar of Elyvilon.
 20766 | D:12     | Received a gift from Okawaru
 20813 | D:12     | Got a blackened arbalest
 20821 | D:12     | Identified the +4 arbalest of Hacibuf {freeze, Stlth+} (You
                  | found it on level 12 of the Dungeon)
 21911 | Lair:3   | Noticed Prince Ribbit
 21924 | Lair:3   | Killed Prince Ribbit
 22879 | Lair:4   | Reached XP level 14. HP: 116/116 MP: 17/17
 22924 | Lair:4   | Noticed Rupert
 22952 | Lair:4   | Killed Rupert
 22952 | Lair:4   | Received a gift from Okawaru
 23168 | Lair:4   | Noticed Josephine
 23202 | Lair:4   | Killed Josephine
 23202 | Lair:4   | Reached skill level 10 in Maces & Flails
 23220 | Lair:4   | Reached ****** piety under Okawaru
 24586 | Lair:5   | Received a gift from Okawaru
 24678 | Lair:5   | Got a crude mace
 24679 | Lair:5   | Identified the +7 mace of the Scroll {holy, +Blink rElec
                  | Str+2 Dex-2} (You found it on level 5 of the Lair of
                  | Beasts)
 24801 | Lair:5   | Got an ichor-stained chain mail
 24812 | Lair:5   | Identified the +4 chain mail "Ryusu Cec" {MR+ Str+3 Int+4}
                  | (You found it on level 5 of the Lair of Beasts)
 25508 | Lair:6   | Entered Level 6 of the Lair of Beasts
 25522 | Lair:6   | Found a staircase to the Slime Pits.
 25971 | Lair:6   | Received a gift from Okawaru
 26671 | Lair:6   | Received a gift from Okawaru
 27136 | Lair:6   | Reached skill level 10 in Dodging
 27735 | Lair:6   | Reached XP level 15. HP: 102/124 MP: 20/20
 28098 | Lair:6   | Received a gift from Okawaru
 28134 | Lair:6   | Got a smoking flail {god gift}
 28483 | Lair:6   | Identified the +4 flail "Dauzuf" {vamp, rPois rF- SInv}
                  | (Okawaru gifted it to you on level 6 of the Lair of Beasts)
 28773 | Lair:6   | Paralysed by a hornet for 2 turns
 30188 | D:13     | Noticed Kirke
 30426 | D:12     | Killed Kirke
 30586 | D:13     | Found a glowing golden altar of the Shining One.
 30614 | D:13     | Noticed Nessos
 30624 | D:13     | Killed Nessos
 30624 | D:13     | Reached skill level 1 in Unarmed Combat
 30641 | D:13     | Received a gift from Okawaru
 30836 | D:13     | You fall into a shaft and drop 2 floors!
 30836 | D:15     | Entered Level 15 of the Dungeon
 30860 | D:15     | Paralysed by a wizard for 6 turns
 30904 | D:15     | Paralysed by an orc sorcerer for 6 turns
 30907 | D:15     | Mangled by a sun demon

Levels and vault maps discovered:
D:1:      evilmike_arrival_crescent, layout_loops_ring
D:2:      minmay_chambers_of_ones, layout_loops_ring,
          nicolae_overflow_crystal_walls, first_ration
D:3:      layout_loops_ring, eat_drink_and_be_merry_uskayaw,
          hangedman_abyss_or_decor_stabs
D:4:      layout_basic, glass_columns_a, uniq_edmund, uniq_duvessa
D:5:      gammafunk_cloud_chamber, layout_layer_cave, ebering_ghost_gozag,
          serial_bayou_pond_b
D:6:      layout_cave_pools, grunt_temple_overflow_holy_war,
          minmay_temple_entry_stoned_glass
D:7:      layout_loops_ring, kiku_gazebo_garden_becter
D:8:      layout_rooms, chequers_temple_overflow_minitemple, special_room
          [special_room_orc], the_bakery, minmay_mini_ossuary, uniq_psyche
D:9:      layout_loops_cross, bloody_trog, overflow_temple_1_default
D:10:     layout_rooms, erik_lair_island
D:11:     layout_cave_pools, zombieorc2_lemuel, serial_shops,
          kennysheep_little_box, due_unseen_surprise, uniq_fannar
D:12:     layout_rooms, hellmonk_ghost_happy_afterlife, minivault_16,
          elyvilon_altar_4
D:13:     layout_cave_pools, nicolae_tso_carved_into_rock, uniq_kirke,
          uniq_nessos
D:15:     grunt_enter_depths_magical_seal, layout_basic,
          hangedman_abyss_or_decor_stagger, minmay_guarded_unrand_robustness,
          uniq_azrael, uniq_roxanne
Temple:   jpeg_temple_clearing
Lair:1:   layout_long_grid, tgw_fedhas
Lair:2:   layout_cave_pods, minmay_shoals_entry_hut,
          guppyfry_snake_entry_island, gammafunk_ghost_berserking_beasts,
          beast_lair_carwin_11
Lair:3:   layout_chaotic_city, serial_bayou, serial_bayou_ford_a,
          serial_bayou_shore_b, serial_bayou_crossing, serial_bayou_pond_b,
          infiniplex_staircase_pool_2, minmay_lair_oklob_chamber,
          lemuel_fruit_fields, uniq_prince_ribbit2
Lair:4:   dpeg_oklob_gauntlet, layout_misc_corridors, st_stairs_9, uniq_rupert,
          uniq_josephine
Lair:5:   layout_hall_layers, grunt_megastairs_5, serial_bayou_shore_b
Lair:6:   hangedman_lair_tendril_chambers, layout_regular_city,
          hangedman_lair_in_review, nicolae_slime_entry_slimehenge
Orc:1:    layout_caves, uniq_nergalle
Orc:2:    grunt_orc_community_town_hall, layout_caves,
          grunt_orc_community_big_house_2, grunt_orc_community_big_house_2,
          grunt_orc_community_house_2, grunt_orc_community_house_1,
          grunt_orc_community_house_2, grunt_orc_community_house_1,
          grunt_orc_community_house_2, serial_shops, shop

Skill      XL: |  1  2  3  4  5  6  7  8  9 10 11 12 13 14 15 |
---------------+----------------------------------------------+-----
Shields        | 4 5 6 7 9 10 11 12 13 14 | 14.7
Armour         | 4 5 6 7 8 9 10 11 12 | 12.2
Fighting       | 4 5 6 7 8 9 |  9.5
Dodging        | 1 2 3 4 5 6 7 9 10 | 10.5
Long Blades    | 3 4 5 7 9 10 11 12 13 14 | 14.0
Maces & Flails | 3 5 7 9 11 12 | 12.1
Throwing       | 2 3 |  3.0
Invocations    | 2 3 5 6 8 |  8.6
Crossbows      | 1 3 5 7 8 9 |  9.1
Unarmed Combat | 1 |  1.1
Stealth        | |  0.8
Evocations     | |  0.1

Action                   |  1- 3 |  4- 6 |  7- 9 | 10-12 | 13-15 || total
-------------------------+-------+-------+-------+-------+-------++-------
Melee: Long sword        |    42 |   157 |   433 |   393 |   657 ||  1682
       Headbutt          |    11 |    22 |    95 |   285 |   383 ||   796
       Morningstar       |       |       |    50 |   301 |   203 ||   554
       Scimitar          |       |       |       |   373 |   193 ||   566
       Mace              |       |       |       |       |    40 ||    40
       Flail             |       |       |       |       |   134 ||   134
       Unarmed           |       |       |       |       |    33 ||    33
 Fire: Hand crossbow     |       |       |       |    57 |    69 ||   126
       Arbalest          |       |       |       |       |     6 ||     6
Throw: Dart              |       |    21 |    11 |    25 |    20 ||    77
       Boomerang         |       |       |       |       |     4 ||     4
Invok: Heroism           |       |       |     1 |     7 |    11 ||    19
       Finesse           |       |       |       |       |     1 ||     1
Evoke: Wand              |       |       |       |     1 |     7 ||     8
  Use: Scroll            |       |     2 |     8 |    17 |    16 ||    43
       Potion            |       |     1 |     4 |     4 |    10 ||    19
 Stab: Confused          |       |       |       |       |     1 ||     1
  Eat: Chunk             |       |     7 |     6 |    15 |    13 ||    41
       Ration            |       |       |     3 |     6 |     9 ||    18
Armor: Scale mail        |     6 |       |       |       |       ||     6
       Plate armour      |    14 |    86 |   218 |   379 |   342 ||  1039
       Chain mail        |       |       |       |       |    26 ||    26
Dodge: Dodged            |     9 |    11 |    85 |   290 |   400 ||   795
Block: Shield            |    19 |    75 |   324 |   854 |   891 ||  2163
       Reflection        |       |       |    10 |    31 |    20 ||    61
       Other             |       |       |       |       |     2 ||     2
       Rpst.: Long sword |     2 |     2 |    18 |    20 |    47 ||    89
       Scimitar          |       |       |       |    25 |    13 ||    38
